 Dungeon Crawl Stone Soup version 0.27-a0-1555-g0e7b3fb1d2 (webtiles) character file.

Game seed: 13367469766237836919

329 nyamberluvr69 the Skirmisher (level 6, -5/78 HPs)
             Began as a Formicid Fighter on July 14, 2021.
             Slain by a killer bee (6 damage)
             ... on level 4 of the Dungeon.
             The game lasted 00:06:23 (4734 turns).

nyamberluvr69 the Skirmisher (Formicid Fighter)     Turns: 4734, Time: 00:06:24

Health: -5/78      AC: 23    Str: 21    XL:     6   Next: 80%
Magic:  0/6        EV:  2    Int:  7    God:
Gold:   195        SH:  9    Dex: 12    Spells: 5/5 levels left

rFire    . . .     SeeInvis .   a - +0 long sword
rCold    . . .     Faith    .   c - +0 kite shield
rNeg     + + +     Spirit   +   (armour currently unavailable)
rPois    +         Reflect  .   (helmet unavailable)
rElec    .         Harm     .   (cloak currently unavailable)
rCorr    .         Rampage  .   (gloves currently unavailable)
Will     .....                  (boots currently unavailable)
Stlth    +.........             p - amulet of guardian spirit
HPRegen  0.23/turn              (no ring)
MPRegen  0.10/turn              (no ring)

@: lethally poisoned (-5 -> -11), tree-form
A: stationary, stasis, torment immunity, boosted hp, permanent stasis, dig
shafts and tunnels, (antennae 3), four strong arms
a: no special abilities


You were on level 4 of the Dungeon.
You were a tree.
You visited 1 branch of the dungeon, and saw 5 of its levels.

You collected 195 gold pieces.

Inventory:

Hand Weapons
 a - a +0 long sword (weapon)
 d - a +1 dagger of speed
Armour
 b - a +0 scale mail
 c - a +0 kite shield (worn)
 u - a +0 chain mail (melded)
Jewellery
 p - an amulet of guardian spirit (around neck)
 v - an amulet of faith
Scrolls
 e - a scroll of amnesia {unknown}
 j - 4 scrolls of enchant armour {unknown}
 m - 4 scrolls of identify {unknown}
 n - 2 scrolls of teleportation {unknown}
 o - a scroll of magic mapping {unknown}
 r - a scroll of immolation {unknown}
 w - a scroll of acquirement {unknown}
Potions
 f - a potion of ambrosia {unknown}
 g - a potion of lignification
 h - 2 potions of heal wounds {unknown}
 i - a potion of brilliance {unknown}
 k - 2 potions of curing
 l - 2 potions of degeneration {unknown}
 q - a potion of flight {unknown}
 s - a potion of resistance {unknown}
 t - a potion of invisibility {unknown}
 x - a potion of attraction {unknown}


   Skills:
 + Level 5.7 Fighting
 * Level 5.1 Long Blades
 - Level 3.2 Armour
 - Level 3.6 Shields


You had 5 spell levels left.
You didn't know any spells.
Your spell library was empty.

Dungeon Overview and Level Annotations

Branches:
Dungeon (5/15)
 Temple: D:4-7

Altars:
Qazlal
Zin


Innate Abilities, Weirdness & Mutations

You are a tree.
Your roots penetrate the ground, keeping you stationary.
You cannot be teleported.
You are immune to unholy pain and torment.
Your maximum health is greatly increased.
Your equipment is partially melded.
You cannot be hasted, slowed, berserked, paralysed or teleported.
You can dig through walls and to a lower floor.
((You have a pair of large antennae on your head. (SInv)))
Your four strong arms can wield two-handed weapons with a shield.


Message History

The killer bee stings you but does no damage.
You closely miss the killer bee.
The killer bee is almost dead.
You block the killer bee's attack.
The killer bee stings you but does no damage.
The killer bee stings you.
* * * LOW HITPOINT WARNING * * *
You are poisoned.
The killer bee poisons you!
The killer bee stings you but does no damage.
You block the killer bee's attack. x2
You closely miss the killer bee.
The killer bee is almost dead.
You feel sick. The killer bee stings you.
* * * LOW HITPOINT WARNING * * *
You are more poisoned.
The killer bee poisons you!
The killer bee stings you but does no damage.
The killer bee completely misses you.
You riposte.
You miss the killer bee.
The killer bee is almost dead.
You block the killer bee's attack.
The killer bee stings you but does no damage.
You miss the killer bee.
The killer bee is almost dead.
* * * LOW HITPOINT WARNING * * *
You feel very sick.
The killer bee stings you but does no damage. x3
The killer bee stings you.
* * * LOW HITPOINT WARNING * * *
The killer bee stings you but does no damage.
You closely miss the killer bee.
The killer bee is almost dead.
* * * LOW HITPOINT WARNING * * *
You feel very sick. You block the killer bee's attack.
The killer bee stings you!
* * * LOW HITPOINT WARNING * * *
You block the killer bee's attack.
The killer bee stings you but does no damage. x2
The killer bee stings you!
You die...

###..........#.........#.#......
#......#....#......#............
#......##.####.....#..<..#.....#
#......###........##...........#
##.....)....###....####.........
##....###..#......#####........
#.....#.#....##....#...........
#..#....##...###.......#.......
#..#.....##..#♣y.......####....
##............y###.....###..#..
##...#####......###....##..#..
#..<.#.#.#.............##.....
#........##......<.....#......
##.##.##.......#.....(......##
#...........................#
#......###.................##
#......#...........#.......##


You could see 2 killer bees.

Vanquished Creatures
  A bullfrog skeleton (D:4)
  Natasha (thrice) (D:4)
  A killer bee zombie (D:3)
  Robin (D:2)
  4 gnolls
  5 adders
  A white imp (D:4)
  An ufetubus (D:4)
  A worm (D:2)
  3 dart slugs
  An orc (D:2)
  8 endoplasms
  4 giant cockroaches
  16 goblins
  7 hobgoblins
  8 jackals (D:1)
  3 quokkas
  5 ball pythons
  6 bats
  5 frilled lizards
  3 kobolds
  8 rats
95 creatures vanquished.

Vanquished Creatures (others)
  A fungus (D:2)
  10 plants (D:2)
11 creatures vanquished.

Grand Total: 106 creatures vanquished

Notes
Turn   | Place    | Note
-------+----------+-------------------------------------------
     0 | D:1      | nyamberluvr69 the Formicid Fighter began the quest for the
                  | Orb.
     0 | D:1      | Reached XP level 1. HP: 18/18 MP: 1/1
    42 | D:1      | Reached XP level 2. HP: 6/24 MP: 2/2
   427 | D:1      | Reached XP level 3. HP: 30/30 MP: 3/3
  1207 | D:2      | Reached XP level 4. HP: 37/37 MP: 4/4
  1236 | D:2      | Noticed Robin
  1253 | D:2      | You fall into a shaft and drop 1 floor!
  1447 | D:2      | Found a faded altar of an unknown god.
  1930 | D:2      | Reached XP level 5. HP: 39/43 MP: 5/5
  2205 | D:2      | Killed Robin
  2323 | D:2      | Reached skill level 5 in Fighting
  2830 | D:3      | Found a stormy altar of Qazlal.
  3682 | D:3      | Reached XP level 6. HP: 41/51 MP: 4/6
  4151 | D:4      | Noticed Natasha
  4159 | D:4      | Killed Natasha
  4270 | D:4      | Noticed Natasha
  4277 | D:4      | Killed Natasha
  4278 | D:4      | Reached skill level 5 in Long Blades
  4364 | D:4      | Noticed Natasha
  4375 | D:4      | Killed Natasha
  4512 | D:4      | Found a glowing silver altar of Zin.
  4713 | D:5      | Entered Level 5 of the Dungeon
  4734 | D:4      | HP: 1/78 [killer bee (5)]
  4734 | D:4      | Slain by a killer bee

Illustrated notes

Levels and vault maps discovered:
D:1:      lightli_arrival_boilingwater, layout_basic
D:2:      layout_loops_corners, dreamdust_ecumenical_altar_grove,
          serial_bayou_pond_b, uniq_robin
D:3:      layout_basic, grunt_qazlal_sundering
D:4:      layout_cave_pools, mainiacjoe_overflow_tiny_flanked, uniq_natasha
D:5:      layout_rooms, minmay_misc_feat_tower, uniq_crazy_yiuf_cottage,
          uniq_ijyb

Skill      XL: |  1  2  3  4  5  6 |
---------------+-------------------+-----
Fighting       | 4 5 |  5.7
Long Blades    | 3 4 5 |  5.1
Armour         | |  3.2
Shields        | |  3.6

Action                   |  1- 3 |  4- 6 || total
-------------------------+-------+-------++-------
Melee: Long sword        |    91 |   213 ||   304
 Abil: Shaft Self        |       |     1 ||     1
  Use: Potion            |     1 |     3 ||     4
Armor: Scale mail        |    62 |   103 ||   165
       Skin              |       |    29 ||    29
       Chain mail        |       |    19 ||    19
Dodge: Dodged            |    33 |   124 ||   157
Block: Kite shield       |    58 |   184 ||   242
       Rpst.: Long sword |    14 |    38 ||    52

Table legend: (Time is in decaauts)
 A = Elapsed time spent in this place.
 B = Non-inter-level travel time spent in this place.
 C = Inter-level travel time spent in this place.
 D = Time resting spent in this place.
 E = Time spent auto-exploring this place.
 F = Levels seen in this place.
 G = Mean time per level.
                   A        B        C        D        E       F      G
               +--------+--------+--------+--------+--------+-----+--------+
         Total |   4862 |   4714 |    148 |   1231 |   2609 |   5 |  972.4 |
       Dungeon |   4862 |   4714 |    148 |   1231 |   2609 |   5 |  972.4 |
               +--------+--------+--------+--------+--------+-----+--------+

Top non-repeatable levels by time:
     D:2: 1795 daAuts
     D:1: 1463 daAuts
     D:4: 944 daAuts
     D:3: 656 daAuts
     D:5: 3 daAuts
